 Dungeon Crawl Stone Soup version 0.31-a0-369-g8eba5f6939 (webtiles) character file.

Game seed: 16157021902930862970

2 Flugkiller the Changeling (level 1, 0/15 HPs)
             Began as a Demonspawn Shapeshifter on July 28, 2023.
             Slain by an endoplasm (1 damage)
             ... on level 1 of the Dungeon.
             The game lasted 00:00:09 (84 turns).

Flugkiller the Changeling (Demonspawn Shapeshifter)   Turns: 84, Time: 00:00:09

Health: 0/15       AC:  2    Str: 15    XL:     1   Next: 25%
Magic:  1/1        EV: 12    Int:  9    God:
Gold:   10         SH:  0    Dex: 13    Spells: 0/0 levels left

rFire   . .          .
                       - Unarmed
rCold   . . .        (no shield)
rNeg    . . .        a - +0 animal skin
rPois   .            (helmet currently unavailable)
rElec   .            (cloak currently unavailable)
rCorr   .            (gloves currently unavailable)
SInv    .            (boots currently unavailable)
Will    .....        (no amulet)
Stlth   +            (no ring)
HPRegen 0.22/turn    (no ring)
MPRegen 0.07/turn

%: no passive effects
@: beast-form
A: beast (slay +1)
a: Begin Untransformation


You were on level 1 of the Dungeon.
You were a hulking beast.
You visited 1 branch of the dungeon, and saw 1 of its levels.

You collected 10 gold pieces.

Inventory:

Armour
 a - a +0 animal skin (worn)
Talismans
 c - a beast talisman
Scrolls
 e - a scroll of butterflies {unknown}
Potions
 b - a potion of lignification
 d - a potion of attraction {unknown}


   Skills:
 + Level 1.1 Fighting
 - Level 1.7 Dodging
 - Level 2.6 Unarmed Combat
 + Level 2.7 Shapeshifting


You couldn't memorise any spells.
You didn't know any spells.
Your spell library was empty.

Dungeon Overview and Level Annotations

Branches:
Dungeon (1/15) Zot: 5915

Altars:


Message History

Welcome, Flugkiller the Demonspawn Shapeshifter.
It's a long way down to the Orb of Zot, but that shouldn't be any trouble.
Press ? for a list of commands and other information.
Found an escape hatch in the floor.
Found a staircase leading out of the dungeon.
You open the door.
There is an open door here.
d - a smoky puce potion
Found a stone staircase leading down.
Found a leather armour.
e - a scroll labelled QUAWIA QUINWIRGH No target in view!
No target in view!
No target in view!
No target in view!
You open the door.
There is an open door here.
You open the door.
There is an open door here.
You open the door.
There is an open door here.
You open the door.
There is an open door here.
A rat comes into view.
A rat is nearby!
A rat is nearby!
The rat misses you.
You closely miss the rat. You barely miss the rat. The rat bites you.
You closely miss the rat. The rat barely misses you.
You hit the rat.
You kill the rat!
No target in view!
Found 5 stones.
HP restored.
You now have 10 gold pieces.
Found a stone staircase leading down.
A goblin comes into view. It is wielding a +0 dagger.
Found 2 white potions.
An endoplasm comes into view.
An endoplasm comes into view.
Found 10 gold pieces.
The goblin shouts!
The endoplasm quivers.
The goblin closely misses you.
You barely miss the goblin. The goblin closely misses you.
You barely miss the goblin. The goblin misses you.
You barely miss the goblin. The endoplasm hits you.
The goblin barely misses you.
You hit the endoplasm.
The endoplasm is moderately wounded.
The endoplasm barely misses you. The goblin barely misses you.
The endoplasm barely misses you.
You hit the endoplasm.
The endoplasm is almost dead.
The endoplasm freezes you.
You are frozen.
The endoplasm freezes you.
You are frozen.
The goblin hits you with a +0 dagger.
* * * LOW HITPOINT WARNING * * *
You are too injured to fight recklessly!
You are too injured to fight recklessly!
You are too injured to fight recklessly!
You are too injured to fight recklessly!
You are too injured to fight recklessly!
You are too injured to fight recklessly!
You are too injured to fight recklessly!
You are too injured to fight recklessly!
Unknown command.
You hit the endoplasm.
You kill the endoplasm!
The endoplasm hits you.
* * * LOW HITPOINT WARNING * * *
The goblin barely misses you.
You closely miss the goblin. The endoplasm closely misses you.
The goblin barely misses you.
You completely miss the goblin. The endoplasm freezes you.
You are frozen.
* * * LOW HITPOINT WARNING * * *
The goblin hits you but does no damage.
You hit the goblin.
You kill the goblin!
The endoplasm hits you.
You die...

#.......+ +..
#.###.#######
#...#.'.....#
.###########.#.#.#..<..#
.............#.###..>..#
.....#...###.#.#.#.....#
#......##...#.#.....+
....>#....##.#+#.#+#####
##.. #.h..##...(...#†#..
#. #.)J.##.###.###.###
#....##............
#.!..##############
#....# #...$# ######


You could see an endoplasm.

Vanquished Creatures
  An endoplasm (D:1)
  A goblin (D:1)
  A rat (D:1)
3 creatures vanquished.

Notes
Turn   | Place    | Note
-------+----------+-------------------------------------------
     0 | D:1      | Flugkiller the Demonspawn Shapeshifter began the quest for
                  | the Orb.
     0 | D:1      | Reached XP level 1. HP: 15/15 MP: 1/1
    84 | D:1      | Slain by an endoplasm

Illustrated notes

Levels and vault maps discovered:
D:1:      shiori_arrival_maze, layout_basic

Action                     || total
---------------------------++-------
  Melee: Unarmed           ||    13
 Armour: Animal skin       ||     1
  Dodge: Dodged            ||    12

Table legend: (Time is in decaauts)
 A = Elapsed time spent in this place.
 B = Non-inter-level travel time spent in this place.
 C = Inter-level travel time spent in this place.
 D = Time resting spent in this place.
 E = Time spent auto-exploring this place.
 F = Levels seen in this place.
 G = Mean time per level.
                   A        B        C        D        E       F      G
               +--------+--------+--------+--------+--------+-----+--------+
         Total |     83 |     83 |      0 |      0 |     59 |   1 |   83.0 |
       Dungeon |     83 |     83 |      0 |      0 |     59 |   1 |   83.0 |
               +--------+--------+--------+--------+--------+-----+--------+

Top non-repeatable levels by time:
     D:1: 83 daAuts
